 Dungeon Crawl Stone Soup version 0.27-a0-931-g5a74e75d8f (webtiles) character file.

Game seed: 6715931014119320854

1579 Lanoc the Charlatan (level 8, 0/62 HPs)
             Began as a Black Draconian Artificer on Apr 11, 2021.
             Was an Elder of Hepliaklqana.
             Slain by an orc warrior
             ... wielding a +0 long sword
              (12 damage)
             ... while paralysed by Grinder
             ... on level 6 of the Dungeon.
             The game lasted 00:09:54 (6487 turns).

Lanoc the Charlatan (Black Draconian Artificer)     Turns: 6487, Time: 00:09:55

Health: 0/62       AC:  7    Str: 14    XL:     8   Next: 60%
Magic:  17/17      EV:  2    Int: 12    God:    Hepliaklqana [****..]
Gold:   295        SH:  0    Dex: 14    Spells: 7/7 levels left

rFire    . . .     SeeInvis .   f - +3 dagger (venom)
rCold    . . .     Faith    +   w - +0 buckler
rNeg     . . .     Spirit   .   (armour unavailable)
rPois    .         Reflect  .   (helmet restricted)
rElec    +         Harm     .   p - +0 cloak
rCorr    .         Rampage  .   (no gloves)
Will     .....                  (no boots)
Stlth    ++........             x - amulet of faith
HPRegen  0.20/turn              o - ring of magical power
MPRegen  0.15/turn              (no ring)

@: paralysed
A: reduced essence, breathe lightning, AC +6, unfitting armour, electricity
resistance, cold-blooded
a: Breathe Lightning, Renounce Religion, Recall Ancestor, Ancestor Identity,
Transference, Idealise


You were on level 6 of the Dungeon.
You worshipped Hepliaklqana.
Hepliaklqana was greatly pleased with you.
You visited 1 branch of the dungeon, and saw 6 of its levels.
You also visited: Sewer.

You collected 295 gold pieces.

Inventory:

Hand Weapons
 f - a +3 dagger of venom (weapon)
Armour
 a - a +2 kite shield
 n - a +0 tower shield of protection
 p - a +0 cloak (worn)
 w - a +0 buckler (worn)
Jewellery
 o - a ring of magical power (left hand)
 x - an amulet of faith (around neck)
Wands
 b - a wand of flame (8) (quivered)
 c - a wand of charming (23)
 d - a wand of random effects (12)
Scrolls
 e - 2 scrolls of immolation
 g - 2 scrolls of noise {unknown}
 m - 5 scrolls of teleportation
 s - a scroll of acquirement {unknown}
 u - 2 scrolls of holy word {unknown}
 v - a scroll of amnesia {unknown}
 y - a scroll of enchant weapon {unknown}
Potions
 h - 3 potions of invisibility
 i - 2 potions of ambrosia
 j - a potion of flight
 k - 3 potions of mutation
 l - a potion of might
 q - 2 potions of attraction
 r - 3 potions of heal wounds
 t - a potion of lignification


   Skills:
 + Level 5.4 Fighting
 + Level 4.9 Dodging
 - Level 0.8 Stealth
 - Level 4.0 Shields
 * Level 7.8 Evocations


You had 7 spell levels left.
You didn't know any spells.
Your spell library contained the following spells:

 Spells                   Type           Power      Damage    Failure   Level
 Magic Dart               Conj           0%         1d3       32%         1
 Blink                    Tloc           N/A        N/A       45%         2
 Call Imp                 Summ           0%         N/A       45%         2
 Slow                     Hex            0%         N/A       45%         2
 Conjure Flame            Conj/Fire      0%         6-21      69%         3
 Mephitic Cloud           Conj/Pois/Air  0%         N/A       69%         3


Dungeon Overview and Level Annotations

Branches:
Dungeon (6/15)              Sewer (visited)
 Temple: D:4-7

Altars:
Ashenzari
Hepliaklqana
Makhleb
Qazlal
Vehumet

Annotations:
D:6 Grinder


Innate Abilities, Weirdness & Mutations

Your life essence is reduced to manifest your ancestor. (-10% HP)
You can breathe wild blasts of lightning.
Your glossy black scales are hard. (AC +6)
You cannot fit into any form of body armour.
You are resistant to electric shocks. (rElec)
You are cold-blooded and may be slowed by cold attacks.


Message History

Grinder blinks!
Grinder says, "You look like you could use a good racking."
Grinder gestures at you. Pain shoots through your body!
An orc warrior comes into view. It is wielding a +0 long sword.
The orc warrior shouts!
You hear a shout!
Grinder gestures at you.
You struggle to resist.
You completely miss Grinder. Grinder hits you but does no damage.
You hit Grinder but do no damage.
Your tail-slap misses Grinder. Ælfric hits Grinder with a +0 flail!
An orc comes into view. It is wielding a +0 club.
Grinder hits you but does no damage.
You barely miss Grinder. You tail-slap Grinder.
Grinder is moderately wounded. Ælfric barely misses Grinder.
An orc priest comes into view. It is wielding a +0 dagger.
Grinder gestures at you.
You suddenly lose the ability to move!
An orc priest comes into view. It is wielding a +0 hand axe.
The orc priest shouts! x2; You hear a shout!
The orc warrior hits you with a +0 long sword. Ælfric hits Grinder with a +0 flail!
Grinder says, "DUCK!"
Grinder blinks!
Grinder blinks!
The orc warrior hits you with a +0 long sword! Ælfric closely misses the orc warrior.
The orc priest invokes the aid of Beogh against you.
Beogh smites you!
The orc warrior hits you with a +0 long sword.
* * * LOW HITPOINT WARNING * * *
Ælfric hits Grinder with a +0 flail.
Grinder gestures at Ælfric. Ælfric suddenly stops moving!
The orc warrior hits you with a +0 long sword.
* * * LOW HITPOINT WARNING * * *
Grinder hits Ælfric.
The orc warrior hits you with a +0 long sword!
You die...

#.# #.# #.# #.#
####.#### ## #.#
#.......# . #.#
#..†....# #. #.###
#........
#####.###...####.......#
......R................#
#5o@.....###.......#
#.o##.$.## #.......#
....o #..## ###...###
#####. #..# #...# #o
#..# #...# .. ..$# ...#
#.##..# ...### .. ...#
...... ......


You could see the friendly Ælfric the knight (paralysed), Grinder (ally target),
an orc warrior, 2 orc priests and an orc.

Vanquished Creatures
  Prince Ribbit (D:6)
  Purgy (Sewer)
  An ogre (D:5)
  A necrophage (D:4)
  4 scorpions
  An orc priest (D:3)
  2 hounds
  A bullfrog skeleton (D:5)
  Jessica (D:2)
  An iguana (D:4)
  A hound zombie (D:5)
  A hound skeleton (D:4)
  9 adders
  A white imp (D:5)
  A worm (D:4)
  2 dart slugs
  6 orcs
  4 ball pythons
  An endoplasm (D:4)
  4 goblins
  6 hobgoblins
  9 jackals
  A quokka (D:1)
  2 bats
  A frilled lizard (D:2)
  11 kobolds
  6 rats
80 creatures vanquished.

Vanquished Creatures (collateral kills)
  An ice beast (D:6)
  A black bear (D:5)
  A bullfrog (D:6)
  A scorpion (D:5)
  A water moccasin skeleton (D:5)
  A bullfrog zombie (D:5)
  An iguana (D:4)
  2 orc wizards (D:4)
  A howler monkey skeleton (D:6)
  4 adders
  An ufetubus (D:5)
  3 orcs
  An endoplasm (D:3)
  A giant cockroach (D:3)
  A goblin (D:2)
  A hobgoblin (D:4)
  A kobold (D:3)
23 creatures vanquished.

Vanquished Creatures (others)
  A knight (D:5)
  2 ancestors (D:2)
3 creatures vanquished.

Grand Total: 106 creatures vanquished

Notes
Turn   | Place    | Note
-------+----------+-------------------------------------------
     0 | D:1      | Lanoc the Draconian Artificer began the quest for the Orb.
     0 | D:1      | Reached XP level 1. HP: 16/16 MP: 1/1
   389 | D:1      | Reached XP level 2. HP: 23/23 MP: 2/2
   958 | D:2      | Found a faded altar of an unknown god.
   963 | D:2      | Became a worshipper of Hepliaklqana the Forgotten
   963 | D:2      | Reached * piety under Hepliaklqana
  1052 | D:2      | Reached XP level 3. HP: 21/26 MP: 3/3
  1378 | D:2      | Reached skill level 4 in Evocations
  1437 | D:2      | Reached XP level 4. HP: 25/32 MP: 4/4
  1574 | D:2      | Noticed Jessica
  1586 | D:2      | Killed Jessica
  2085 | D:3      | Reached ** piety under Hepliaklqana
  2087 | D:3      | Remembered your ancestor Ælfric as a knight
  2141 | D:3      | Found a glowing drain.
  2310 | Sewer    | Entered a sewer
  2405 | Sewer    | Noticed Purgy
  2416 | Sewer    | Killed Purgy
  2417 | Sewer    | Reached skill level 1 in Shields
  2417 | Sewer    | Reached XP level 5. HP: 21/40 MP: 5/5
  2768 | D:3      | Reached skill level 5 in Evocations
  2776 | D:3      | Reached XP level 6. HP: 44/45 MP: 6/6
  3783 | D:4      | Found a broken altar of Ashenzari.
  3783 | D:4      | Found a stormy altar of Qazlal.
  3802 | D:4      | Reached *** piety under Hepliaklqana
  4229 | D:4      | Found a burning altar of Makhleb.
  4465 | D:4      | Your scales start taking on a glossy black colour.
  4465 | D:4      | Reached XP level 7. HP: 41/52 MP: 7/7
  4465 | D:4      | Gained mutation: You are resistant to electric shocks.
                  | (rElec) [Black Draconian growth]
  4589 | D:5      | Entered Level 5 of the Dungeon
  4610 | D:5      | HP: 2/52 [iguana (9)]
  4941 | D:5      | Reached skill level 6 in Evocations
  5327 | D:5      | Reached XP level 8. HP: 45/60 MP: 8/8
  5600 | D:5      | Found a radiant altar of Vehumet.
  5906 | D:6      | Noticed a two-headed ogre
  5965 | D:6      | Noticed Prince Ribbit
  5973 | D:6      | Reached skill level 7 in Evocations
  5982 | D:6      | Killed Prince Ribbit
  5983 | D:6      | Reached skill level 5 in Fighting
  6261 | D:6      | Reached **** piety under Hepliaklqana
  6475 | D:6      | Noticed Grinder
  6482 | D:6      | Paralysed by Grinder for 6 turns
  6487 | D:6      | Slain by an orc warrior

Illustrated notes

Levels and vault maps discovered:
D:1:      lightli_arrival_statuegarden, layout_rooms
D:2:      layout_loops_ring, ebering_ecumenical_altar_rust, uniq_jessica
D:3:      layout_basic, gup_sewer_entry_glass
D:4:      layout_basic, gammafunk_temple_overflow_forgotten
D:5:      layout_rooms, kennysheep_little_box, hangedman_minor_gate_pass
D:6:      layout_loops_cross, cheibriados_altar_1, uniq_grinder,
          uniq_prince_ribbit1

Skill      XL: |  1  2  3  4  5  6  7  8 |
---------------+-------------------------+-----
Fighting       | 2 3 4 5 |  5.4
Evocations     | 4 5 6 7 |  7.8
Dodging        | 3 4 |  4.9
Shields        | 1 2 3 4 |  4.0
Stealth        | |  0.8

Action                   |  1- 3 |  4- 6 |  7- 9 || total
-------------------------+-------+-------+-------++-------
Melee: Club              |    93 |     4 |       ||    97
       Tailslap          |    15 |     8 |    14 ||    37
       Dagger            |       |   105 |    77 ||   182
Throw: Boomerang         |    22 |    30 |       ||    52
       Throwing net      |       |     1 |       ||     1
Invok: Ancestor Life: Kn |       |     1 |       ||     1
 Abil: Breathe Lightning |       |       |     2 ||     2
Evoke: Wand              |     1 |     2 |     7 ||    10
  Use: Potion            |     1 |       |     1 ||     2
       Scroll            |       |    14 |     1 ||    15
 Stab: Sleeping          |       |     4 |     1 ||     5
       Distracted        |       |     2 |       ||     2
Armor: Skin              |    44 |    32 |    21 ||    97
Dodge: Dodged            |    83 |    45 |    32 ||   160
Block: Kite shield       |       |    47 |    35 ||    82
       Buckler           |       |       |     5 ||     5

Table legend: (Time is in decaauts)
 A = Elapsed time spent in this place.
 B = Non-inter-level travel time spent in this place.
 C = Inter-level travel time spent in this place.
 D = Time resting spent in this place.
 E = Time spent auto-exploring this place.
 F = Levels seen in this place.
 G = Mean time per level.
                   A        B        C        D        E       F      G
               +--------+--------+--------+--------+--------+-----+--------+
         Total |   6579 |   6408 |    171 |    384 |   5027 |   7 |  939.9 |
       Dungeon |   6221 |   6050 |    171 |    384 |   4726 |   6 | 1036.8 |
         Sewer |    357 |    357 |      0 |      0 |    301 |   1 |  357.0 |
               +--------+--------+--------+--------+--------+-----+--------+

Top non-repeatable levels by time:
     D:4: 1378 daAuts
     D:2: 1245 daAuts
     D:3: 1105 daAuts
     D:5: 1093 daAuts
     D:1: 852 daAuts
     D:6: 545 daAuts
   Sewer: 357 daAuts
